AoeStats
← Cinnamoroll

Lombardia

507421463Analyzed
4v4 RM · 13d ago on Sep 18, 2026· 18m 42s· 8 players
Game mode
Random Map
Map size
Large (8 player)
Population
200
Speed
Normal
Resources
Standard
Victory
Conquest
Starting age
Dark Age
Ending age
Imperial Age
RankedLock teamsTeams togetherTeam positionsShared explorationLock speedFull tech treeHidden civsTurbo modeCheats
Victory
Defeat
🇨🇳 Mongols · China
1525
+12
🇲🇽 Britons · Mexico
1524
+12
🇨🇦 Spanish · Canada
1514
+13
🇲🇽 Franks · Mexico
1504
+13
🇦🇷 Italians · Argentina
1500
-14
🇨🇳 Mongols · China
1453
-13
🇦🇷 Koreans · Argentina
1448
-13
🇦🇷 Saracens · Argentina
1370
-10
[VA] Tano_Pacman
8:27 Feudal Age
11:09 Loom
14:10 Double-Bit Axe
16:49 Wheelbarrow
20:57 Castle Age
pepelui_gg
11:03 Feudal Age
15:13 Castle Age
14:19 Loom
14:26 Double-Bit Axe
14:25 Horse Collar
16:48 Bow Saw
逸丶然
10:45 Feudal Age
11:04 Loom
15:06 Castle Age
13:46 Double-Bit Axe
Dino_Mate
8:55 Loom
10:41 Feudal Age
15:06 Castle Age
13:53 Double-Bit Axe
16:56 Bow Saw
19:21 Wheelbarrow
[VL] Shile Shilaca 8.80
6:42 Loom
8:46 Feudal Age
14:36 Fletching
18:09 Double-Bit Axe
ArNuL
2:30 Loom
10:04 Feudal Age
10:39 Double-Bit Axe
15:42 Forging
16:53 Scale Barding Armor
20:44 Castle Age
18:38 Gold Mining
Cinnamoroll
6:09 Loom
9:18 Feudal Age
9:53 Double-Bit Axe
10:52 Horse Collar
19:49 Castle Age
18:23 Stone Mining
19:07 Gold Mining
_XD_XiaoXiao
11:04 Feudal Age
11:49 Horse Collar
14:45 Castle Age
12:52 Double-Bit Axe
15:18 Loom
16:55 Wheelbarrow
17:34 Bow Saw
18:41 Heavy Plow
Connection lost

Rejoining the realm…

Still unreachable

The connection could not be restored.

Session expired

The server has moved on; the page needs a fresh start.